 Dungeon Crawl Stone Soup version 0.31.0-32-g396128a36d (webtiles) character file.

Game seed: 13795136608412400672

168 H0rd4k the Insei (level 5, -3/35 HPs)
             Began as an Octopode Artificer on Apr 22, 2024.
             Killed by divine providence
             ... invoked by an orc priest
              (13 damage)
             ... on level 4 of the Dungeon.
             The game lasted 00:01:42 (2759 turns).

H0rd4k the Insei (Octopode Artificer)               Turns: 2759, Time: 00:01:43

Health: -3/35      AC:  1    Str: 11    XL:     5   Next: 48%
Magic:  5/5        EV: 14    Int: 15    God:
Gold:   262        SH:  0    Dex: 19    Spells: 4/4 levels left

rFire   . .          .
                       - Unarmed
rCold   . . .        (no shield)
rNeg    . . .        (helmet restricted)
rPois   .            (no amulet)
rElec   .            i - +6 ring of dexterity
rCorr   .            (no ring)
SInv    .            (no ring)
Will    .....        (no ring)
Stlth   +++          (no ring)
HPRegen 0.25/turn    (no ring)
MPRegen 0.09/turn    (no ring)
                     (no ring)

%: no passive effects
@: no status effects
A: almost no armour, amphibious, 8 rings, camouflage 1, gelatinous body 1,
(nimble swimmer 1), tentacles
a: no special abilities


You were on level 4 of the Dungeon.
You visited 1 branch of the dungeon, and saw 4 of its levels.

You collected 262 gold pieces.

Inventory:

Jewellery
 i - a +6 ring of dexterity (left tentacle)
Wands
 b - a wand of flame (15) (quivered)
 c - a wand of charming (11)
 d - a wand of iceblast (4)
Scrolls
 a - 3 scrolls of identify {unknown}
 e - a scroll of fog {unknown}
 h - a scroll of noise {unknown}
 j - a scroll of fear {unknown}
 l - a scroll of teleportation {unknown}
 m - a scroll of revelation {unknown}
Potions
 f - a potion of curing {unknown}
 g - a potion of might {unknown}
 k - 2 potions of lignification {unknown}


   Skills:
 + Level 2.5 Fighting
 - Level 2.3 Dodging
 - Level 1.3 Stealth
 + Level 4.3 Unarmed Combat
 - Level 3.2 Evocations


You had 4 spell levels left.
You didn't know any spells.
Your spell library contained the following spells:

 Spells                   Type           Power      Damage    Failure   Level
 Sublimation of Blood     Necr           0%         N/A       38%         2
 Petrify                  Alch/Erth      0%         N/A       95%         4
 Irradiate                Conj/Alch      0%         3d11      100%        5


Dungeon Overview and Level Annotations

Branches:
Dungeon (4/15)
 Temple: D:4-7

Altars:
Vehumet


Innate Abilities, Weirdness & Mutations

You cannot wear most types of armour.
You are amphibious.
You can wear up to eight rings at the same time.
Your skin changes colour to match your surroundings (Stealth+).
Your rubbery body absorbs attacks. (AC +1, EV +1)
((You are camouflaged when in or above water. (Stealth+)))
You have tentacles for arms and can constrict up to eight enemies at once.


Message History

The kobold barely misses you. The orc barely misses you.
You tentacle-slap the orc but do no damage.
You tentacle-slap the orc, but do no damage.
You squeeze the orc.
The orc is severely wounded.
You constrict the orc.
You kill the orc!
The orc closely misses you. The kobold hits you with a +0 whip.
Aiming: Charm
Press: ? - help, Shift-Dir - straight line, f - kobold
Aim: a kobold, wielding a +0 whip (chance to affect: 73%)
The kobold is charmed.
The orc barely misses you.
Unknown command.
Aiming: Charm
Press: ? - help, Shift-Dir - straight line, f - orc priest, p - kobold
Aim: an orc priest, wielding a +0 war axe and wearing a +0 leather armour (chance to affect: 57%)
The orc priest resists with significant effort.
The orc priest closely misses you.
The orc priest hits your kobold with a +0 war axe.
Your kobold dies!
The orc barely misses you.
An orc wizard comes into view. It is wielding a +0 dagger.
Aiming: Charm
Press: ? - help, Shift-Dir - straight line, f/p - orc priest
Aim: an orc priest, wielding a +0 war axe and wearing a +0 leather armour (chance to affect: 57%)
The orc priest is charmed.
The orc hits you from afar with a +0 trident.
An orc priest comes into view. It is wielding a +0 dagger.
What are your orders? t - Shout!
Orders for allies: a - Attack new target. p - Attack previous target. r - Retreat! s - Stop attacking. g - Guard the area. f - Follow me.
Anything else - Cancel.
Guard this area!
The orc hits you from afar with a +0 trident.
* * * LOW HITPOINT WARNING * * *
The orc priest calls down the wrath of Beogh upon you.
Beogh smites you!
You die...

#..#..##.####
#...#...##
#####.#.#.###
.........##
####.$#.#[##
#....$...[#
###.#.o#.#..#
#.....)...#.#
#.###o@#.##.#
#.)#.# .#
#..#.# .#
..........#
####o#.......
#.#..).....?
. ..####....
##... ....
.#. ..#


You could see an orc priest, an orc and a friendly orc priest (charmed,
wandering).

Vanquished Creatures
  Ijyb (D:4)
  5 adders
  A dart slug (D:1)
  2 ribbon worms (D:2)
  An orc (D:4)
  8 endoplasms
  5 goblins
  2 hobgoblins
  3 jackals (D:1)
  7 kobolds
  5 quokkas
  6 ball pythons
  6 bats
  13 frilled lizards
  3 rats
68 creatures vanquished.

Vanquished Creatures (others)
  An ogre (D:4)
  A kobold (D:4)
2 creatures vanquished.

Grand Total: 70 creatures vanquished

Notes
Turn   | Place    | Note
-------+----------+-------------------------------------------
     0 | D:1      | H0rd4k the Octopode Artificer began the quest for the Orb.
     0 | D:1      | Reached XP level 1. HP: 13/13 MP: 1/1
   204 | D:1      | Reached XP level 2. HP: 18/18 MP: 2/2
   243 | D:1      | Reached skill level 1 in Unarmed Combat
   687 | D:1      | Reached XP level 3. HP: 9/24 MP: 3/3
   901 | D:2      | Reached skill level 2 in Unarmed Combat
  1228 | D:2      | Reached XP level 4. HP: 21/29 MP: 4/4
  1438 | D:2      | Found a faded altar of an unknown god.
  1499 | D:2      | Reached skill level 3 in Unarmed Combat
  1943 | D:3      | Found a radiant altar of Vehumet.
  2734 | D:4      | Noticed Ijyb
  2734 | D:4      | Noticed an ogre
  2744 | D:4      | Reached skill level 4 in Unarmed Combat
  2744 | D:4      | Reached XP level 5. HP: 35/35 MP: 5/5
  2744 | D:4      | Killed Ijyb
  2759 | D:4      | Killed from afar by an orc priest

Illustrated notes

Levels and vault maps discovered:
D:1:      minmay_arrival_stone_box, layout_loops_ring
D:2:      layout_loops_corners, shapermc_ecumenical_altar_ellora,
          minmay_lizard_pond
D:3:      layout_basic, mainiacjoe_overflow_catwalk, kennysheep_generic_room_14
D:4:      layout_loops_ring, lightli_temple_of_fire,
          mainiacjoe_overflow_tiny_flanked, minmay_temple_entry_mist, uniq_ijyb

Skill      XL: |  1  2  3  4 |
---------------+-------------+-----
Unarmed Combat | 1 2 4 |  4.3
Fighting       | 2 |  2.5
Dodging        | |  2.3
Stealth        | |  1.3
Evocations     | |  3.2

Action                     |  1- 3 |  4- 6 || total
---------------------------+-------+-------++-------
  Melee: Unarmed           |   105 |    57 ||   162
         Tentacles         |    18 |    14 ||    32
         Constrict         |    16 |     9 ||    25
         Punch             |     4 |     3 ||     7
  Evoke: Wand              |       |     5 ||     5
   Stab: Sleeping          |     9 |    16 ||    25
 Armour: Skin              |    41 |    16 ||    57
  Dodge: Dodged            |    55 |    37 ||    92
